Map: Seeds of Aiur

Players

Babathur - Winner!

  • Race: Terran Terran
  • Spawn Location: 1:00

Fartlas - Winner!

  • Race: Terran Terran
  • League: Gold
  • Spawn Location: 1:00

Stanley

  • Race: Terran Terran
  • Spawn Location: 7:00

MakEZ

  • Race: Protoss Protoss
  • Spawn Location: 7:00

VOD

Have the link to the VOD?

Description

Time

  • Played on: Dec. 5, 2017, 9:58 a.m.
  • Length: 10:26
Show
View Real Time Build Order
Export as new Build Order

Babathur Terran - Winner!

Build Orders:  

Get SALT Encoding   

  12  0:04  SCV  
  13  0:22  Supply Depot  
  13  0:24  SCV  
  14  0:45  Barracks  
  14  0:56  SCV  
  15  0:59  Refinery  
  15  1:08  SCV  
  16  1:20  SCV  
Show
View Real Time Build Order
Export as new Build Order

Fartlas Terran - Winner!

Build Orders:  

Get SALT Encoding   

  12  0:02  SCV  
  13  0:18  SCV  
  13  0:21  Supply Depot  
  14  0:31  SCV  
  15  0:46  SCV, Barracks  
  16  0:52  Refinery  
  16  0:58  SCV  
  17  1:14  SCV  
  18  1:38  Supply Depot  
  18  1:42  Barracks, Orbital Command  
  18  1:49  Barracks Reactor  
  18  1:50  Barracks  
  18  2:02  Supply Depot  
  18  2:08  SCV  
  19  2:26  Engineering Bay, Marine x2  
  21  2:30  Barracks Reactor  
  21  2:38  Barracks Reactor  
  21  2:44  Marine  
  21  2:45  Supply Depot  
  21  2:46  Supply Depot  
  21  2:49  Marine  
  23  2:55  Terran Infantry Weapons Level 1  
  23  2:57  Barracks  
  23  3:02  Marine  
  24  3:06  Marine x2  
  24  3:07  Marine  
  27  3:14  Marine x2  
  27  3:18  SCV  
  30  3:21  Marine  
  30  3:24  Marine  
  30  3:25  Marine  
  30  3:26  Marine  
  34  3:33  Marine x2  
  36  3:46  Supply Depot  
  36  3:49  Supply Depot  
  36  3:50  Barracks Reactor  
  36  3:54  Marine x3  
  36  3:55  Marine x3  
  42  4:07  SCV, Factory  
  42  4:09  Refinery  
  43  4:12  Marine x2  
  43  4:14  Marine x2  
  43  4:15  Marine x2  
  49  4:20  SCV  
  50  4:33  Marine x2  
  50  4:34  Marine x4  
  50  4:35  Marine x2  
  58  4:44  SCV  
  59  4:51  Marine  
  44  5:07  Marine x3  
  44  5:08  Marine x3  
  44  5:09  Marine  
  44  5:13  Starport  
  51  5:14  Barracks  
  51  5:15  Barracks, Marine  
  51  5:17  Terran Infantry Armor Level 1  
  51  5:19  SCV  
  53  5:25  Marine  
  53  5:27  Marine x3  
  53  5:28  Barracks, Marine x3  
  59  5:31  Factory Tech Lab  
  60  5:47  Marine x6  
  60  5:48  Supply Depot, Marine x2  
  68  5:51  Starport Reactor  
  68  5:56  Barracks  
  68  6:01  Siege Tank  
  71  6:09  Supply Depot, Barracks Reactor, Marine  
  71  6:10  Supply Depot  
  72  6:12  Marine  
  72  6:13  Marine x5, Barracks Tech Lab  
  72  6:14  Marine  
  79  6:27  Marine  
  79  6:28  Medivac x2  
  79  6:32  Supply Depot, Marine x4  
  86  6:33  Siege Tank, Supply Depot, Marine x4  
  86  6:36  Stimpack  
  95  6:44  Marine  
  95  6:46  Barracks Reactor  
  96  6:54  Supply Depot  
  96  6:58  Medivac x2  
  96  7:01  Armory  
  100  7:04  Marine x3  
  100  7:05  Marine x6  
  100  7:06  Marine x2  
  111  7:26  Marine  
  111  7:27  Marine x7  
  111  7:28  Marine x2  
  121  7:48  Marine x4  
  125  7:57  Supply Depot  
  125  7:59  Starport Reactor  
  125  8:09  Marine x2  
  127  8:19  Siege Tank, Supply Depot, Marine x5  
  135  8:41  Marine x8  
  143  9:09  Marine  
  143  9:11  Marine  
  143  9:13  Marine  
  143  9:14  Marine  
  143  9:15  Marine  
  143  9:16  Marine x2  
  143  9:17  Siege Tank, Marine x3  
  143  9:19  Marine  
  135  9:29  Marine  
  136  9:32  Marine  
Show
View Real Time Build Order
Export as new Build Order

Stanley Terran 

Build Orders:  

Get SALT Encoding   

  12  0:12  Refinery  
  12  0:15  SCV  
  13  0:23  Supply Depot  
  13  0:54  Barracks  
  13  1:00  Supply Depot  
  13  1:43  Barracks Reactor  
  13  1:53  Refinery  
  13  2:08  Factory  
  13  2:17  Supply Depot  
  13  2:21  Marine x2  
  15  2:38  Marine  
  15  2:39  Marine  
  17  2:55  Factory Reactor  
  17  2:56  Marine  
  17  2:57  Marine  
  19  3:14  Marine  
  19  3:15  Marine  
  21  3:22  Starport  
  21  3:32  Hellion, Marine  
  21  3:33  Marine  
  25  3:36  Hellion  
  27  4:03  Viking  
  27  4:08  Hellion  
  31  4:19  Marine x2  
  33  4:29  Hellion  
  35  4:44  Hellion  
  34  5:08  Marine  
  34  5:09  Marine  
  34  5:11  Hellion  
  38  5:53  Marine  
  39  6:03  Supply Depot  
  39  6:10  Starport Tech Lab  
  39  6:18  Supply Depot  
  39  6:24  Hellion, Marine x2  
  43  6:28  Hellion  
  45  6:39  Supply Depot  
  45  6:42  Marine x2  
  47  6:50  Banshee  
  50  7:15  Widow Mine  
  50  7:18  Hellion  
  50  7:19  Marine  
  55  7:23  Marine  
  56  7:39  SCV  
  57  7:51  SCV  
  58  8:04  Viking  
  60  8:09  Hellion  
  62  8:27  Supply Depot  
  62  8:42  Orbital Command  
  62  8:49  Hellion  
  66  9:04  Hellion  
  66  9:05  Marine  
  66  9:08  Marine  
Show
View Real Time Build Order
Export as new Build Order

MakEZ Protoss 

Build Orders:  

Get SALT Encoding   

  12  0:17  Pylon  
  12  0:21  Assimilator  
  12  0:40  Gateway  
  12  0:47  Probe  
  13  0:59  Probe  
  14  1:08  Assimilator  
  14  1:11  Probe  
  15  1:39  Cybernetics Core  
  15  1:50  Pylon  
  15  2:20  Probe, Stargate  
  16  2:32  Probe  
  17  2:44  Probe  
  18  2:54  Stargate  
  18  2:56  Probe  
  19  3:08  Stalker, Probe  
  22  3:38  Stalker  
  24  3:59  Void Ray  
  28  4:08  Stalker  
  30  4:18  Pylon  
  30  4:20  Pylon  
  30  4:24  Pylon  
  30  4:38  Stalker  
  30  4:40  Void Ray  
  36  4:53  Probe  
  31  5:05  Probe  
  30  5:08  Stalker  
  32  5:38  Adept  
  34  5:50  Void Ray  
  38  6:05  Adept  
  40  6:31  Void Ray  
  44  6:33  Adept, Void Ray  
  50  7:00  Stalker  
  52  7:30  Zealot  
  54  7:56  Pylon  
  54  7:58  Pylon  
  54  8:01  Pylon  
  54  8:14  Void Ray, Zealot  
  54  8:16  Void Ray  
  66  8:41  Zealot  
  66  8:56  Void Ray  
  74  9:08  Stalker  
Tags
 
Add a new tag
Caveats
  • Supply blocks, unpowered buildings, or Contaminate may cause inaccurate times.
  • Supply counts are checked every 10 seconds.